 Dungeon Crawl Stone Soup version 0.24-a0-584-g9d6b971 (webtiles) character file.

Game seed: 18234689574694433053, levelgen mode: deterministic

365 Firecrotchwizard the Ruffian (level 6, 0/53 (55) HPs)
             Began as a Ghoul Monk on Aug 31, 2019.
             Slain by a sky beast (3 damage)
             ... on level 5 of the Dungeon.
             The game lasted 00:08:15 (3647 turns).

Firecrotchwizard the Ruffian (Ghoul Monk)           Turns: 3647, Time: 00:08:15

HP:   0/53 (55)     AC: 10    Str: 17    XL:     6   Next: 68%
MP:   5/5           EV: 10    Int:  5    God:
Gold: 229           SH:  4    Dex: 11    Spells: 5/5 levels left

rFire    . . .     SeeInvis .     - Unarmed
rCold    + . .     Gourm    .   d - +0 buckler
rNeg     + + +     Faith    .   w - +0 scale mail
rPois    ∞         Spirit   .   (no helmet)
rElec    .         Reflect  .   o - +0 cloak
rCorr    .         Harm     .   (no gloves)
MR       .....                  y - +2 pair of boots
Stlth    +.........             (no amulet)
HPRegen  0.00/turn              (no ring)
MPRegen  0.09/turn              (no ring)

@: rotting
A: rotting body, claws 1, carnivore, cold resistance 1, negative energy
resistance 3, inhibited regeneration, torment resistance, unbreathing
a: no special abilities


You were on level 5 of the Dungeon.
You were not hungry.

You visited 1 branch of the dungeon, and saw 5 of its levels.

You collected 229 gold pieces.

Inventory:

Armour
 a - a +0 robe
 d - a +0 buckler (worn)
   (You found it on level 1 of the Dungeon)
 f - a +0 chain mail
   (You found it on level 1 of the Dungeon)
 o - a +0 cloak (worn)
   (You found it on level 2 of the Dungeon)
 w - a +0 scale mail (worn)
   (You found it on level 3 of the Dungeon)
 y - a +2 pair of boots (worn)
   (You found it on level 4 of the Dungeon)
Wands
 x - a wand of iceblast (9)
   (You found it on level 4 of the Dungeon)
 A - a wand of scattershot (5)
   (You found it on level 5 of the Dungeon)
 B - a wand of random effects (24)
   (You took it off Ijyb on level 4 of the Dungeon)
Scrolls
 c - 3 scrolls of magic mapping {!r}
 k - 2 scrolls of enchant weapon
 q - 2 scrolls of blinking {!r}
 t - a scroll of identify
 u - a scroll of remove curse
Potions
 e - a potion of brilliance {unknown}
 g - 2 potions of lignification
 h - a potion of resistance {unknown}
 j - 2 potions of heal wounds {unknown}
 m - a potion of agility {unknown}
 p - a potion of mutation {unknown}
 s - a potion of ambrosia {unknown}
 v - a potion of invisibility {unknown}
 z - a potion of might {unknown}
Comestibles
 b - 6 rations


   Skills:
 + Level 4.9 Fighting
 - Level 2.6 Dodging
 - Level 2.2 Stealth
 + Level 2.6 Shields
 * Level 6.1 Unarmed Combat


You had 5 spell levels left.
You didn't know any spells.
Your spell library was empty.

Dungeon Overview and Level Annotations

Branches:
Dungeon (5/15)
 Temple: D:4-7

Altars:
Nemelex Xobeh
The Shining One

Annotations:
D:4 1 runed translucent door, Crazy Yiuf


Innate Abilities, Weirdness & Mutations

Your body is rotting away.
You thrive on raw meat.
You are immune to poison.
You have sharp fingernails.
You are carnivorous and can eat meat at any time.
Your flesh is cold resistant. (rC+)
You are immune to negative energy. (rN+++)
You do not regenerate when monsters are visible.
You are immune to unholy pain and torment.
You can survive without breathing.


Message History

Found a stone staircase leading up.
You see here 17 sling bullets.
b - 6 rations (gained 1)
Your magical contamination has completely faded away.
You may need something to eat soon, looking for food.
Can't find anything matching that.
Sorry, you're not good enough to have a special ability.
Found a stone staircase leading down.
A bullfrog zombie comes into view.
The bullfrog zombie closely misses you.
The bullfrog zombie hits you but does no damage.
You closely miss the bullfrog zombie.
The bullfrog zombie hits you but does no damage.
You scratch the bullfrog zombie.
The bullfrog zombie hits you but does no damage.
You completely miss the bullfrog zombie.
The bullfrog zombie barely misses you.
You claw the bullfrog zombie! The bullfrog zombie barely misses you.
You completely miss the bullfrog zombie.
You block the bullfrog zombie's attack. x2
You claw the bullfrog zombie! The bullfrog zombie barely misses you.
You claw the bullfrog zombie! The bullfrog zombie barely misses you.
You scratch the bullfrog zombie.
You destroy the bullfrog zombie!
No target in view!
You may need something to eat soon, looking for food.
Can't find anything matching that.
Sorry, you're not good enough to have a special ability.
Found a stone staircase leading down.
As you open the door, it creaks loudly!
There is an open door here.
There is an open door here.
You enter the shallow water.
Moving in this stuff is going to be slow.
You enter the shallow water.
Moving in this stuff is going to be slow.
You hear a distant slurping noise.
A sky beast comes into view.
The sky beast flickers out of sight!
Deactivating autopickup; reactivate with Ctrl-A.
A sky beast appears from thin air!
Reactivating autopickup.
The sky beast hits you but does no damage.
You scratch the sky beast.
The sky beast hits you but does no damage.
You closely miss the sky beast. The sky beast closely misses you.
You miss the sky beast. You block the sky beast's attack.
You claw the sky beast! The sky beast hits you. The sky beast shocks you.
You take 9 damage, and have 44/53 hp.
You claw the sky beast!
The sky beast hits you but does no damage.
You barely miss the sky beast.
The sky beast flickers out of sight!
Deactivating autopickup; reactivate with Ctrl-A.
Something hits you but does no damage.
You miss something. Something hits you but does no damage.
You closely miss something. You miss something.
Something hits you but does no damage.
You scratch something but do no damage. Something hits you.
Something shocks you.
You take 8 damage, and have 36/53 hp.
You miss something. Something hits you. Something shocks you.
You take 8 damage, and have 28/53 hp.
Your scale mail prevents you from hitting something.
Something hits you. Something shocks you.
You take 9 damage, and have 19/53 hp.
You scratch something but do no damage. You block something's attack.
You scratch something. Something hits you but does no damage.
You scratch something.
A sky beast appears from thin air!
Reactivating autopickup.
The sky beast hits you but does no damage.
You barely miss the sky beast.
The sky beast hits you but does no damage.
You barely miss the sky beast. You block the sky beast's attack.
Your shield prevents you from hitting the sky beast.
You barely miss the sky beast.
The sky beast flickers out of sight!
Deactivating autopickup; reactivate with Ctrl-A.
Something hits you but does no damage.
You completely miss something.
A sky beast appears from thin air!
Reactivating autopickup.
The sky beast hits you but does no damage.
You scratch the sky beast.
The sky beast flickers out of sight!
Deactivating autopickup; reactivate with Ctrl-A.
Something hits you but does no damage.
You barely miss something. Something hits you but does no damage.
You closely miss something. Something hits you but does no damage.
You closely miss something. Something completely misses you.
You closely miss something. Something hits you.
* * * LOW HITPOINT WARNING * * *
Something shocks you.
* * * LOW HITPOINT WARNING * * *
You take 9 damage, and have 10/53 hp.
You barely miss something. Something hits you but does no damage.
You scratch something but do no damage. Something hits you.
* * * LOW HITPOINT WARNING * * *
Something shocks you.
* * * LOW HITPOINT WARNING * * *
You take 7 damage, and have 3/53 hp.
You closely miss something. Something hits you but does no damage.
You closely miss something. Something hits you.
You die...

#........≈.##.####
#####.........# # ##.########
# #.# # #.# # #.# ## #.# #≈
########## #.# ##≈
****#*#......@.# #.# #≈≈
*,,,......####{# #.# ######≈≈
** *,*,,...#.* #.#
#.####...##≈# ,* *,*,*##.#.#*
#.# #.##.#≈#.##≈# ,*
*,*,*......###.###.#..#≈###≈≈#
,* *,*,#.#.#............##≈#
#≈≈# ,*
*,*,...........#.....#≈≈# #≈≈#
,* *,,,......#######...##≈≈#
##≈≈ ,* ****...##**
##.###≈≈####≈≈


There were no monsters in sight!

Vanquished Creatures
  A scorpion (D:4)
  A bullfrog zombie (D:5)
  A hound (D:4)
  An orc wizard (D:2)
  An iguana (D:4)
  Ijyb (D:4)
  A hound skeleton (D:4)
  4 adders
  4 gnolls (D:2)
  A worm (D:3)
  2 dart slugs
  7 orcs
  8 bats
  5 giant cockroaches
  8 goblins
  11 hobgoblins
  3 jackals (D:2)
  4 quokkas
  3 frilled lizards
  7 kobolds
  A quokka skeleton (D:4)
  2 rats (D:2)
77 creatures vanquished.

Notes
Turn   | Place    | Note
-------+----------+-------------------------------------------
     0 | D:1      | Firecrotchwizard the Ghoul Monk began the quest for the
                  | Orb.
     0 | D:1      | Reached XP level 1. HP: 19/19 MP: 0/0
   173 | D:1      | Reached XP level 2. HP: 22/26 MP: 1/1
   250 | D:1      | You fall into a shaft and drop 1 floor!
   757 | D:2      | Reached XP level 3. HP: 31/31 MP: 2/2
   763 | D:2      | Reached skill level 4 in Unarmed Combat
   793 | D:2      | Reached skill level 1 in Shields
   975 | D:2      | Reached XP level 4. HP: 17/40 MP: 3/3
  1044 | D:2      | HP: 4/40 [gnoll/+0 whip (7)]
  1218 | D:2      | Reached skill level 4 in Fighting
  1545 | D:2      | Found a sparkling altar of Nemelex Xobeh.
  1684 | D:3      | Found a glowing golden altar of the Shining One.
  1775 | D:2      | Reached skill level 5 in Unarmed Combat
  1775 | D:2      | Reached XP level 5. HP: 18/46 MP: 4/4
  1913 | D:3      | Reached skill level 2 in Shields
  2362 | D:4      | Reached XP level 6. HP: 43/53 MP: 5/5
  2715 | D:4      | Noticed a phantom
  3058 | D:4      | Found a runed translucent door.
  3059 | D:4      | Noticed Crazy Yiuf
  3113 | D:4      | Noticed Ijyb
  3129 | D:4      | Killed Ijyb
  3131 | D:4      | Reached skill level 6 in Unarmed Combat
  3313 | D:5      | Entered Level 5 of the Dungeon
  3607 | D:5      | Noticed a sky beast
  3643 | D:5      | HP: 10/53 [something (5)]
  3645 | D:5      | HP: 3/53 [something (5)]
  3647 | D:5      | Slain by a sky beast

Levels and vault maps discovered:
D:1:      dpeg_arrival_arbitrary_b, layout_loops_ring,
          chequers_serial_rivers_micro_e, minmay_misc_feat_hallway
D:2:      layout_loops_ring, lemuel_crystal_altar
D:3:      layout_rooms, old_standard_altar
D:4:      layout_cave_pods, uniq_crazy_yiuf_cottage, uniq_ijyb
D:5:      layout_loops_corners, serial_rivers, chequers_serial_rivers_micro_b,
          chequers_serial_rivers_large_a, chequers_serial_rivers_large_b,
          chequers_serial_rivers_small_b, first_ration

Skill      XL: |  1  2  3  4  5  6 |
---------------+-------------------+-----
Unarmed Combat | 4 5 6 |  6.1
Shields        | 1 2 |  2.6
Fighting       | 4 |  4.9
Dodging        | |  2.6
Stealth        | |  2.2

Action                   |  1- 3 |  4- 6 || total
-------------------------+-------+-------++-------
Melee: Unarmed           |   128 |   258 ||   386
  Use: Scroll            |       |     9 ||     9
  Eat: Chunk             |     6 |    20 ||    26
Armor: Chain mail        |    65 |    94 ||   159
       Robe              |     4 |       ||     4
       Scale mail        |       |    33 ||    33
Dodge: Dodged            |    51 |    87 ||   138
Block: Buckler           |    17 |    34 ||    51

Table legend:
 A = Non-vault XP
 B = Vault XP
 C = Vault XP percentage of total XP
 D = Non-vault monster count
 E = Vault monster count
 F = Vault count percentage of total count
                 A         B        C        D         E       F
            +---------+---------+-------+---------+---------+-------
      Total |     487 |      35 |   6.7 |      76 |       1 |   1.3
            +---------+---------+-------+---------+---------+-------
        D:1 |      23 |       0 |   0.0 |      11 |       0 |   0.0
        D:2 |     183 |       0 |   0.0 |      37 |       0 |   0.0
        D:3 |      46 |       0 |   0.0 |      16 |       0 |   0.0
        D:4 |     188 |      35 |  15.7 |      11 |       1 |   8.3
        D:5 |      47 |       0 |   0.0 |       1 |       0 |   0.0
            +---------+---------+-------+---------+---------+-------

Levels and vault maps discovered:
D:1:      dpeg_arrival_arbitrary_b, layout_loops_ring,
          chequers_serial_rivers_micro_e, minmay_misc_feat_hallway
D:2:      layout_loops_ring, lemuel_crystal_altar
D:3:      layout_rooms, old_standard_altar
D:4:      layout_cave_pods, uniq_crazy_yiuf_cottage, uniq_ijyb
D:5:      layout_loops_corners, serial_rivers, chequers_serial_rivers_micro_b,
          chequers_serial_rivers_large_a, chequers_serial_rivers_large_b,
          chequers_serial_rivers_small_b, first_ration

Table legend:
 A = Turns spent in this place as a percentage of turns spent in the entire game.
 B = Non-inter-level travel turns spent in this place as a percentage of non-inter-level travel turns spent in the entire game.
 C = Inter-level travel turns spent in this place as a percentage of turns spent in this place.
 D = Turns resting spent in this place as a percentage of non-inter-level travel turns spent in this place.
 E = Turns spent auto-exploring this place as a percentage of non-inter-level travel turns spent in this place.
 F = Non-inter-level travel turns spent in this place divided by the number of levels of this place that you've seen.
                   A       B       C       D       E      F
               +-------+-------+-------+-------+-------+----------------------
         Total | 100.0 | 100.0 |   3.0 |  14.1 |  62.9 | 707.4
       Dungeon | 100.0 | 100.0 |   3.0 |  14.1 |  62.9 | 707.4
               +-------+-------+-------+-------+-------+----------------------

Table legend:
 A = Kills in this place as a percentage of kills in entire the game.
 B = Kills by you in this place as a percentage of kills by you in the entire game.
 C = Kills by friends in this place as a percentage of kills by friends in the entire game.
 D = Other kills in this place as a percentage of other kills in the entire game.
 E = Experience gained in this place as a percentage of experience gained in the entire game.
 F = Experience gained in this place divided by the number of levels of this place that you have seen.
                   A       B       C       D       E      F
               +-------+-------+-------+-------+-------+----------------------
         Total | 100.0 | 100.0 |   N/A |   N/A | 100.0 | 104.4
       Dungeon | 100.0 | 100.0 |   N/A |   N/A | 100.0 | 104.4
               +-------+-------+-------+-------+-------+----------------------
